 Dungeon Crawl Stone Soup version 0.32-a0-12-g7fc57aa741 (webtiles) character file.

Game seed: 2802581677214201229

179 Hellonello the Trooper (level 5, 0/54 HPs)
             Began as an Oni Shapeshifter on Jan 14, 2024.
             Was an Initiate of Qazlal.
             Slain by a gnoll
             ... wielding a +0 club
             ... led by a gnoll bouda
              (6 damage)
             ... on level 4 of the Dungeon.
             The game lasted 00:06:32 (2660 turns).

Hellonello the Trooper (Oni Shapeshifter)           Turns: 2660, Time: 00:06:33

Health: 0/54       AC:  3    Str: 20    XL:     5   Next: 59%
Magic:  5/5        EV: 10    Int: 11    God:    Qazlal [......]
Gold:   135        SH:  0    Dex:  8    Spells: 4/4 levels left

rFire   . .          .
                       - Unarmed
rCold   . . .        (no shield)
rNeg    . . .        a - +0 animal skin
rPois   .            (helmet currently unavailable)
rElec   .            (cloak currently unavailable)
rCorr   .            (gloves unavailable)
SInv    .            (boots unavailable)
Will    +....        l - amulet of regeneration
Stlth   +            (no ring)
HPRegen 1.09/turn    (no ring)
MPRegen 0.09/turn

%: no passive effects
@: mighty, beast-form, enlightened, flying
A: beast (slay +1), large, unfitting armour, horns 1, tough skin 1, double
potion healing, drunken brawling
a: Begin Untransformation, Renounce Religion


You were on level 4 of the Dungeon.
You worshipped Qazlal.
Qazlal was noncommittal.
You were a hulking beast.
You visited 1 branch of the dungeon, and saw 4 of its levels.

You collected 135 gold pieces.

Inventory:

Armour
 a - a +0 animal skin (worn)
 n - a +0 cloak
Jewellery
 e - a ring of fire
 k - an amulet of the acrobat
 l - an amulet of regeneration (around neck)
 o - a ring of fire
Talismans
 c - a beast talisman (active)
 d - a flux talisman
Wands
 h - a wand of iceblast (12)
Scrolls
 f - a scroll of fog
 i - a scroll of identify
 q - a scroll of fear {unknown}
Potions
 b - a potion of lignification
 g - a potion of cancellation
 j - a potion of attraction
 m - a potion of might
 p - a potion of brilliance


   Skills:
 + Level 4.2 Fighting
 + Level 3.2 Dodging
 + Level 3.8 Unarmed Combat
 - Level 3.0 Shapeshifting


You had 4 spell levels left.
You didn't know any spells.
Your spell library was empty.

Dungeon Overview and Level Annotations

Branches:
Dungeon (4/15)
 Temple: D:4-7

Altars:
Cheibriados
Dithmenos
Elyvilon
Gozag
Kikubaaqudgha
Qazlal
Wu Jian

Shops:
D:3 (


Innate Abilities, Weirdness & Mutations

You are a hulking beast.
Your limbs bulge with bestial killing power. (Slay +1)
You are too large for most types of armour.
You have a pair of small horns on your head.
You have tough skin. (AC +1)
You gain doubled healing and magic from potions.
Whenever you drink a healing potion, you attack all around you.


Message History

You hit the gnoll bouda.
The gnoll bouda is lightly wounded.
You hear the slow hiss of a very distant avalanche of sand.
The gnoll hits you from afar with a +0 spear.
The gnoll bouda hits you with a +0 club.
* * * LOW HITPOINT WARNING * * *
You punch the gnoll bouda!
The gnoll bouda is heavily wounded.
The gnoll hits you from afar with a +0 spear.
* * * LOW HITPOINT WARNING * * *
The gnoll bouda closely misses you.
You feel very mighty all of a sudden.
A gnoll comes into view. It is wielding a +0 club.
The gnoll barely misses you.
The gnoll bouda hits you with a +0 club!
* * * LOW HITPOINT WARNING * * *
You punch the gnoll bouda!
You kill the gnoll bouda!
Qazlal accepts your kill. The gnoll completely misses you.
Your Fighting skill increases to level 4!
It was a potion of enlightenment.
You feel very buoyant.
You fly up into the air.
The gnoll is no longer moving quickly.
The gnoll barely misses you. The gnoll hits you with a +0 spear.
* * * LOW HITPOINT WARNING * * *
Items here: ))) [ ††.
You punch the gnoll!
You kill the gnoll!
Qazlal accepts your kill.
You punch the gnoll!
The gnoll is severely wounded.
The gnoll hits you with a +0 whip.
* * * LOW HITPOINT WARNING * * *
You punch the gnoll!
You kill the gnoll!
Qazlal accepts your kill.
You barely miss the gnoll. The gnoll hits you with a +0 club.
You die...

.....)...####
###.####....#
#.# ####.#
#.# #.#
#.######
#......#
######.# #h#
#g# #.# ..#
###


You could see a gnoll (swift).

Vanquished Creatures
  A gnoll bouda (D:4)
  An iguana (D:4)
  4 gnolls (D:4)
  3 adders
  A ribbon worm (D:2)
  2 dart slugs
  7 ball pythons
  A bat (D:3)
  6 endoplasms
  A giant cockroach (D:1)
  7 goblins
  3 hobgoblins (D:2)
  4 jackals (D:3)
  2 quokkas
  2 frilled lizards
  2 kobolds
  7 rats
54 creatures vanquished.

Notes
Turn   | Place    | Note
-------+----------+-------------------------------------------
     0 | D:1      | Hellonello the Oni Shapeshifter began the quest for the
                  | Orb.
     0 | D:1      | Reached XP level 1. HP: 19/19 MP: 1/1
    87 | D:1      | Reached XP level 2. HP: 20/28 MP: 2/2
   224 | D:1      | Reached skill level 2 in Fighting
  1238 | D:2      | Reached XP level 3. HP: 34/36 MP: 3/3
  1615 | D:2      | Reached skill level 3 in Fighting
  1902 | D:3      | Found Opomof's Weapon Shop.
  1983 | D:3      | Found a white marble altar of Elyvilon.
  2005 | D:3      | Reached XP level 4. HP: 41/45 MP: 4/4
  2074 | D:3      | Found a shadowy altar of Dithmenos.
  2074 | D:3      | Found a stormy altar of Qazlal.
  2080 | D:3      | Found an ornate altar of the Wu Jian Council.
  2082 | D:3      | Became a worshipper of Qazlal Stormbringer
  2084 | D:3      | Found a snail-covered altar of Cheibriados.
  2086 | D:3      | Found an ancient bone altar of Kikubaaqudgha.
  2096 | D:3      | Found an opulent altar of Gozag.
  2647 | D:4      | Reached XP level 5. HP: 34/54 MP: 5/5
  2653 | D:4      | HP: 2/54 [gnoll bouda/+0 club (7)]
  2655 | D:4      | Reached skill level 4 in Fighting
  2660 | D:4      | Slain by a gnoll

Illustrated notes

Levels and vault maps discovered:
D:1:      minmay_arrival_solitary_statue, layout_basic
D:2:      layout_loops_cross
D:3:      layout_loops_ring, nicolae_overflow_hallway_of_the_gods,
          mainiacjoe_overflow_small_starburst, serial_shops,
          nicolae_shop_bloodbath_and_beyond
D:4:      layout_basic, mainiacjoe_ossuary_entry_find_the_door,
          chequers_serial_rivers_micro_a

Skill      XL: |  1  2  3  4  5 |
---------------+----------------+-----
Dodging        | 2 3 |  3.2
Fighting       | 2 3 4 |  4.2
Unarmed Combat | 3 |  3.8
Shapeshifting  | |  3.0

Action                     |  1- 3 |  4- 6 || total
---------------------------+-------+-------++-------
  Melee: Unarmed           |    98 |    45 ||   143
         Headbutt          |     7 |     6 ||    13
         Punch             |     1 |       ||     1
    Use: Scroll            |     6 |     3 ||     9
         Potion            |       |     2 ||     2
   Stab: Sleeping          |     1 |       ||     1
 Armour: Animal skin       |    52 |    24 ||    76
  Dodge: Dodged            |    33 |    19 ||    52
   Form: Beast             |     1 |       ||     1

Table legend: (Time is in decaauts)
 A = Elapsed time spent in this place.
 B = Non-inter-level travel time spent in this place.
 C = Inter-level travel time spent in this place.
 D = Time resting spent in this place.
 E = Time spent auto-exploring this place.
 F = Levels seen in this place.
 G = Mean time per level.
                   A        B        C        D        E       F      G
               +--------+--------+--------+--------+--------+-----+--------+
         Total |   2651 |   2603 |     48 |     96 |   2042 |   4 |  662.8 |
       Dungeon |   2651 |   2603 |     48 |     96 |   2042 |   4 |  662.8 |
               +--------+--------+--------+--------+--------+-----+--------+

Top non-repeatable levels by time:
     D:1: 1045 daAuts
     D:2: 813 daAuts
     D:3: 632 daAuts
     D:4: 159 daAuts
